 Dungeon Crawl Stone Soup version 0.21-a0-396-ga924934 (webtiles) character file.

7 Mitsuki the Digger (level 2, 15/15 HPs)
             Began as a Gargoyle Earth Elementalist on Oct 19, 2017.
             Quit the game on level 1 of the Dungeon.
             The game lasted 00:00:36 (594 turns).

Mitsuki the Digger (Gargoyle Earth Elementalist)     Turns: 594, Time: 00:00:37

Health: 15/15      AC:  4    Str: 11    XL:     2   Next: 0%
Magic:  5/5        EV: 12    Int: 15    God:
Gold:   0          SH:  0    Dex: 10    Spells: 4/5 levels left

rFire    . . .     SeeInvis .   g - +0 club
rCold    . . .     Gourm    .   (no shield)
rNeg     + . .     Faith    .   c - +0 robe
rPois    ∞         Spirit   .   (no helmet)
rElec    +         Reflect  .   (no cloak)
rCorr    .         Harm     .   (no gloves)
MR       .....                  (no boots)
Stlth    ++........             (no amulet)
HPRegen  0.05/turn              (no ring)
MPRegen  0.09/turn              (no ring)

@: no status effects
A: negative energy resistance 1, electricity resistance, unbreathing,
petrification resistance, rot immunity, AC +2
a: no special abilities


You were on level 1 of the Dungeon.
You were not hungry.

You visited 1 branch of the dungeon, and saw 1 of its levels.

Inventory:

Hand Weapons
 a - a +0 hunting sling
 g - a +0 club (weapon)
Missiles
 b - 28 stones (quivered)
Armour
 c - a +0 robe (worn)
Potions
 f - a potion of degeneration {unknown}
Books
 e - a book of Geomancy

   Spells                             Type                      Level
   a - Sandblast                      Earth                        1
   b - Passwall                       Transmutation/Earth          2
   c - Stone Arrow                    Conjuration/Earth            3
   d - Petrify                        Transmutation/Earth          4
   e - Lee's Rapid Deconstruction     Earth                        5
Comestibles
 d - a bread ration


   Skills:
 + Level 1.7 Dodging
 + Level 2.2 Stealth
 + Level 2.0 Spellcasting
   Level 0.7 Transmutations
 + Level 4.0 Earth Magic


You had 4 spell levels left.
You knew the following spells:

 Your Spells              Type           Power        Failure   Level  Hunger
b - Sandblast             Erth           ##....       4%          1    #......


Dungeon Overview and Level Annotations

Branches:
Dungeon (1/15)

Altars:


Innate Abilities, Weirdness & Mutations

You are resistant to torment.
Your stone body is resilient. (AC +2)
You are immune to poison.
You resist negative energy. (rN+)
You are resistant to electric shocks. (rElec)
You can survive without breathing.
You are immune to petrification.
You are immune to rotting.


Message History

You kill the goblin!
b - 28 stones You now have 1/3 mp.
g - a club
There is an open door here.
Wield which item (- for none, * to show all)? (? for menu, Esc to quit)
g - a +0 club (weapon)
Magic restored.
A bat comes into view.
Health restored: 10; MP restored: 3
Found a stone staircase leading down.
The helpless bat fails to defend itself.
You hit the bat.
You kill the bat!
Your Earth Magic skill increases to level 4!
You have reached level 2!
Health restored: 15; MP restored: 5 A rat comes into view.
The rat moves out of view.
Are you sure you want to abandon this character and quit the game? (Confirm with "yes".)

######### #.......#
####....##.#
######...@.......
......>..........
#########.##....#.#
#.#...# #.# ....#
####+#.#.#.# #.#
...... #..........#
#.# .......
#......#.### #.#
.......
#......#.#####.#
.......
#......#.......#


There were no monsters in sight!

Vanquished Creatures
  A dart slug (D:1)
  A goblin (D:1)
  A hobgoblin (D:1)
  A bat (D:1)
  A frilled lizard (D:1)
5 creatures vanquished.

Notes
Turn   | Place    | Note
-------+----------+-------------------------------------------
     0 | D:1      | Mitsuki the Gargoyle Earth Elementalist began the quest for the Orb.
     0 | D:1      | Reached XP level 1. HP: 10/10 MP: 3/3
   590 | D:1      | Reached skill level 4 in Earth Magic
   590 | D:1      | Reached XP level 2. HP: 15/15 MP: 5/5
   594 | D:1      | Quit the game

Vault maps used:
D:1:      minmay_arrival_wavy_path, minmay_pentomino_o4

Skill      XL: |  1 |
---------------+----+-----
Earth Magic    | 4 |  4.0
Dodging        | |  1.7
Stealth        | |  2.2
Spellcasting   | |  2.0
Transmutations | |  0.7

Action                   || total
-------------------------++-------
Melee: Unarmed           ||    24
       Club              ||     1
 Cast: Sandblast         ||     2
 Stab: Sleeping          ||     1
Armor: Robe              ||     3
Dodge: Dodged            ||    15

Table legend:
 A = Spawn XP
 B = Non-spawn XP
 C = Spawn XP percentage of total XP
 D = Spawn monster count
 E = Non-spawn monster count
 F = Spawn count percentage of total count
 G = Total turns spent on level
                    A         B        C        D         E        F      G
               +---------+---------+-------+---------+---------+-------+---------
         Total |       0 |      10 |   0.0 |       0 |       5 |   0.0 |   594
               +---------+---------+-------+---------+---------+-------+---------
           D:1 |       0 |      10 |   0.0 |       0 |       5 |   0.0 |   594
               +---------+---------+-------+---------+---------+-------+---------
